 Dungeon Crawl Stone Soup version 0.21-a0-582-g1b93aee (webtiles) character file.

23 Gaball the Grasshopper (level 2, 0/14 HPs)
             Began as a Spriggan Warper on Dec 19, 2017.
             Succumbed to an adder's poison
             ... on level 1 of the Dungeon.
             The game lasted 00:02:39 (1376 turns).

Gaball the Grasshopper (Spriggan Warper)            Turns: 1376, Time: 00:02:39

Health: 0/14       AC:  2    Str:  7    XL:     2   Next: 75%
Magic:  1/7        EV: 24    Int: 14    God:
Gold:   60         SH:  0    Dex: 20    Spells: 4/8 levels left

rFire    . . .     SeeInvis +   a - +0 short sword
rCold    . . .     Gourm    .   (shield restricted)
rNeg     . . .     Faith    .   b - +0 robe
rPois    .         Spirit   .   (helmet restricted)
rElec    .         Reflect  .   (no cloak)
rCorr    .         Harm     .   (gloves unavailable)
MR       .....                  (boots unavailable)
Stlth    +++.......             (no amulet)
HPRegen  0.04/turn              (no ring)
MPRegen  0.10/turn              (no ring)

@: agile, lethally poisoned (0 -> -4), shrouded, very slightly contaminated,
very quick
A: very small, unfitting armour, see invisible, herbivore, speed 3, slow
metabolism 2
a: no special abilities


You were on level 1 of the Dungeon.
You were not hungry.

You visited 1 branch of the dungeon, and saw 2 of its levels.

You collected 60 gold pieces.

Inventory:

Hand Weapons
 a - a +0 short sword (weapon)
Missiles
 e - 5 tomahawks of dispersal (quivered)
Armour
 b - a +0 robe (worn)
Jewellery
 h - a +4 amulet of reflection {unknown}
Scrolls
 d - a scroll of blinking
 g - 2 scrolls of identify {unknown}
Books
 c - a book of Spatial Translocations

   Spells                             Type                      Level
   a - Blink                          Translocation                2
   b - Shroud of Golubria             Charms/Translocation         2
   c - Lesser Beckoning               Translocation                3
   d - Gell's Gravitas                Translocation                3
   e - Teleport Other                 Translocation                3
   f - Passage of Golubria            Translocation                4
Comestibles
 f - 3 rations


   Skills:
 - Level 1.5 Fighting
 + Level 3.0 Short Blades
 - Level 1.0 Throwing
 - Level 3.5 Dodging
 + Level 3.5 Spellcasting
 + Level 0.3 Charms
 - Level 4.4 Translocations


You had 4 spell levels left.
You knew the following spells:

 Your Spells              Type           Power        Failure   Level  Hunger
a - Blink                 Tloc           N/A          4%          2    ##.....
b - Shroud of Golubria    Chrm/Tloc      #.........   12%         2    ##.....


Dungeon Overview and Level Annotations

Branches:
Dungeon (2/15)

Altars:


Innate Abilities, Weirdness & Mutations

You are very small and have problems with some larger weapons.
You are too small for most types of armour.
You have supernaturally acute eyesight. (SInv)
You are a herbivore.
You cover ground extremely quickly.
You need consume almost no food.


Message History

You feel sick. The adder closely misses you.
It was a potion of agility.
You feel agile all of a sudden. The adder misses you.
Casting: Shroud of Golubria
Confirm with . or Enter, or press ? or * to list all spells.
You miscast Blink.
You are very lightly contaminated with residual magic.
The air around you crackles with energy!
* * * LOW HITPOINT WARNING * * *
You feel sick. The adder completely misses you.
Casting: Blink
Confirm with . or Enter, or press ? or * to list all spells.
You blink.
The adder completely misses you.
* * * LOW HITPOINT WARNING * * *
You feel sick.
There is a stone staircase leading up here.
The adder completely misses you.
You climb upwards.
You die...

###### #######....# #.......##.#
#.########.# #..#.......#
##.#.############ #.#.#.##.......#
### #.#.#..........# ###### ..#
#.#.#...@S.....# #....#
#.#######.#.#..#.....(.###.##.#
....##..#.#.#..##+#.........#.#
#.......#.#....#........##....#
#.#.#.......####......#.##...##
#...#.......'.##......#......###
....#.......#.##......###......##
............#.##......# #........
...รท........#.###########.#...###


You could see an adder.

Vanquished Creatures
  A dart slug (D:1)
  2 leopard geckos
  4 bats
  4 hobgoblins (D:1)
  2 kobolds (D:2)
  A ball python (D:1)
  A frilled lizard (D:1)
  5 rats
20 creatures vanquished.

Notes
Turn   | Place    | Note
-------+----------+-------------------------------------------
     0 | D:1      | Gaball the Spriggan Warper began the quest for the Orb.
     0 | D:1      | Reached XP level 1. HP: 10/10 MP: 5/5
   342 | D:1      | Reached XP level 2. HP: 10/14 MP: 7/7
  1086 | D:2      | Learned a level 2 spell: Blink
  1089 | D:2      | Learned a level 2 spell: Shroud of Golubria
  1376 | D:1      | Succumbed to an adder's poison

Vault maps used:
D:1:      dpeg_arrival_boxes_within_box
D:2:      nicolae_qazlal_eye_of_the_storm, nemelex_altar_shiori, first_ration,
          minmay_gold_behind_fungi, interstate_on_off, corexii_shack

Skill      XL: |  1  2 |
---------------+-------+-----
Spellcasting   | 3 |  3.5
Short Blades   | 3 |  3.0
Fighting       | |  1.5
Throwing       | |  1.0
Dodging        | |  3.5
Charms         | |  0.3
Translocations | |  4.4

Action                   || total
-------------------------++-------
Melee: Short sword       ||   101
 Cast: Shroud of Golubri ||     2
       Blink             ||     1
  Use: Potion            ||     1
 Stab: Sleeping          ||     2
Armor: Robe              ||     8
Dodge: Dodged            ||    92

Table legend:
 A = Spawn XP
 B = Non-spawn XP
 C = Spawn XP percentage of total XP
 D = Spawn monster count
 E = Non-spawn monster count
 F = Spawn count percentage of total count
 G = Total turns spent on level
                    A         B        C        D         E        F      G
               +---------+---------+-------+---------+---------+-------+---------
         Total |       0 |      34 |   0.0 |       0 |      20 |   0.0 |  1376
               +---------+---------+-------+---------+---------+-------+---------
           D:1 |       0 |      25 |   0.0 |       0 |      14 |   0.0 |  1147
           D:2 |       0 |       9 |   0.0 |       0 |       6 |   0.0 |   229
               +---------+---------+-------+---------+---------+-------+---------
